 Dungeon Crawl Stone Soup version 0.25-a0-403-g49d089a (webtiles) character file.

Game seed: 10824301484548385425, levelgen mode: deterministic

1484 Auros the Slinger (level 9, -2/54 HPs)
             Began as a Halfling Hunter on Jan 9, 2020.
             Slain by a killer bee (6 damage)
             ... on level 6 of the Dungeon.
             The game lasted 00:25:35 (4863 turns).

Auros the Slinger (Halfling Hunter)                 Turns: 4863, Time: 00:25:36

Health: -2/54      AC:  4    Str: 13    XL:     9   Next: 7%
Magic:  18/18      EV: 15    Int:  9    God:
Gold:   195        SH:  0    Dex: 18    Spells: 8/8 levels left

rFire    . . .     SeeInvis +   a - +1 hunting sling
rCold    . . .     Gourm    .   (shield restricted)
rNeg     . . .     Faith    .   i - +1 leather armour
rPois    .         Spirit   .   (no helmet)
rElec    .         Reflect  .   (no cloak)
rCorr    .         Harm     .   (no gloves)
MR       .....                  (no boots)
Stlth    ++........             D - amulet of regeneration
HPRegen  0.58/turn              A - ring of see invisible
MPRegen  0.16/turn              g - ring of magical power

@: very slightly contaminated, invisible
A: small, mutation resistance 1
a: no special abilities


You were on level 6 of the Dungeon.
You were not hungry.

You visited 1 branch of the dungeon, and saw 7 of its levels.

You collected 195 gold pieces.

Inventory:

Hand Weapons
 a - a +1 hunting sling (weapon)
 b - a +0 shortbow of flaming
 w - a +2 short sword of electrocution
Missiles
 d - 65 sling bullets
 f - 84 arrows
 l - 19 bolts
 m - 26 poisoned darts
 n - 7 boomerangs
 E - 2 throwing nets
 Z - 152 stones (quivered)
Armour
 e - a +0 chain mail
 i - a +1 leather armour (worn)
 r - a -2 pair of gloves
Magical Staves
 y - an uncursed staff of cold
Jewellery
 g - a ring of magical power (right hand)
 j - a +3 amulet of reflection
 A - a ring of see invisible (left hand)
 D - an amulet of regeneration (around neck)
Scrolls
 c - 3 scrolls of remove curse
 q - 3 scrolls of identify {unknown}
 s - a scroll of enchant weapon {unknown}
 t - 3 scrolls of teleportation
 u - a scroll of noise {unknown}
Potions
 h - a potion of lignification {unknown}
 k - a potion of might {unknown}
 o - a potion of degeneration {unknown}
 p - a potion of mutation
 v - a potion of ambrosia {unknown}
 C - a potion of cancellation {unknown}
 G - a potion of agility {unknown}
Comestibles
 z - 11 rations


   Skills:
 - Level 1.8 Fighting
 + Level 12.8 Slings
 + Level 6.9 Armour
 - Level 2.2 Dodging
 - Level 1.1 Stealth


You had 8 spell levels left.
You didn't know any spells.
Your spell library was empty.

Dungeon Overview and Level Annotations

Branches:
Dungeon (7/15)
 Temple: D:4-7

Altars:
Hepliaklqana


Innate Abilities, Weirdness & Mutations

You are small and have problems with some larger weapons.
You are somewhat resistant to further mutation.


Message History

Aim: a killer bee (moderately wounded)
You shoot a stone. The stone hits the killer bee.
The killer bee is heavily wounded.
The killer bee stings you.
* * * LOW HITPOINT WARNING * * *
The killer bee misses you. The killer bee closely misses you.
Firing (i - inventory. (/) - cycle)
Z - 153 stones (quivered)
Press: ? - help, Shift-Dir - straight line, f/p - killer bee
Aim: a killer bee (heavily wounded)
You shoot a stone. The stone hits the killer bee!
You kill the killer bee!
The killer bee misses you.
Okay, then.
Okay, then.
You fade into invisibility!
The killer bee closely misses you. x2
You are very lightly contaminated with residual magic.
The killer bee misses you. The killer bee stings you.
You die...

###.....................#.
###...............#...##
####.#................###
###....#.................##
#..(..........#...........#
####............#.#......#...
##..##.............#.....##...
#....#...(................#...
##....<...>y@......#.#........
#............##......#..#.....
#...........##................
####.#.#...####...###..###.##.
######### ##### ##.# #.### ###
###


You could see a killer bee.

Vanquished Creatures
  Sigmund (D:2)
  2 water moccasins
  3 centaurs (D:5)
  A crocodile (D:6)
  2 killer bees
  4 wights (D:6)
  A howler monkey (D:5)
  2 crimson imps (D:5)
  A hound (D:5)
  2 jellies (D:6)
  A gnoll shaman (D:4)
  An orc priest (D:5)
  3 orc wizards
  An iguana (D:5)
  A worker ant (D:5)
  2 adders
  8 gnolls
  An adder skeleton (D:5)
  2 leopard geckos
  8 orcs
  A ball python (D:5)
  4 giant cockroaches
  8 hobgoblins
  8 jackals (D:2)
  2 kobolds
  A quokka (D:2)
  3 bats
  A frilled lizard (D:1)
  5 goblins
  A quokka skeleton (D:4)
  6 rats
87 creatures vanquished.

Notes
Turn   | Place    | Note
-------+----------+-------------------------------------------
     0 | D:1      | Auros the Halfling Hunter began the quest for the Orb.
     0 | D:1      | Reached XP level 1. HP: 14/14 MP: 1/1
   241 | D:1      | Reached skill level 6 in Slings
   301 | D:1      | Reached XP level 2. HP: 17/19 MP: 2/2
   867 | D:2      | Noticed Sigmund
   871 | D:2      | Reached skill level 7 in Slings
   871 | D:2      | Reached XP level 3. HP: 19/24 MP: 3/3
  1247 | D:2      | Killed Sigmund
  1247 | D:2      | Reached skill level 9 in Slings
  1247 | D:2      | Reached XP level 4. HP: 24/29 MP: 4/4
  1247 | D:2      | Reached XP level 5. HP: 28/34 MP: 5/5
  1529 | D:2      | Reached XP level 6. HP: 39/39 MP: 6/6
  2041 | D:2      | Found a hazy altar of Hepliaklqana.
  2276 | D:5      | Entered Level 5 of the Dungeon
  2283 | D:5      | Reached skill level 10 in Slings
  2457 | D:5      | Reached XP level 7. HP: 40/44 MP: 7/7
  2558 | D:5      | Noticed a water moccasin
  2567 | D:5      | Killed a water moccasin
  2944 | D:4      | Reached skill level 11 in Slings
  3739 | D:5      | Reached XP level 8. HP: 45/50 MP: 8/8
  3945 | D:5      | Reached skill level 5 in Armour
  4282 | D:6      | Reached skill level 12 in Slings
  4540 | D:6      | Reached XP level 9. HP: 54/54 MP: 9/9
  4859 | D:6      | HP: 2/54 [killer bee (6)]
  4863 | D:6      | Slain by a killer bee

Levels and vault maps discovered:
D:1:      dpeg_arrival_rhombi, layout_loops_cross
D:2:      layout_loops_ring, marbit_many_paths, first_ration, uniq_sigmund
D:3:      minmay_recursive_quarters, layout_loops_ring, grunt_qazlal_sundering,
          chequers_ecumenical_altar_simple_redux, uniq_jessica
D:4:      layout_loops_corners, minmay_temple_entry_slanted,
          gup_ossuary_entry_pyramid, uniq_pikel, uniq_ijyb
D:5:      layout_layer_cave, vehumet_crystals, minivault_5, fountainhead
D:6:      layout_cave_pools
D:7:      layout_rooms, lemuel_round_altar, minmay_crystal_water

Skill      XL: |  1  2  3  4  5  6  7  8 |
---------------+-------------------------+-----
Slings         | 6 7 9 10 11 12 | 12.8
Armour         | 2 4 6 |  6.9
Fighting       | |  1.8
Dodging        | |  2.2
Stealth        | |  1.1

Action                   |  1- 3 |  4- 6 |  7- 9 || total
-------------------------+-------+-------+-------++-------
 Fire: Hunting sling     |   102 |    79 |   248 ||   429
Throw: Dart              |       |     1 |       ||     1
  Use: Scroll            |     4 |     4 |     1 ||     9
       Potion            |     3 |       |     4 ||     7
  Eat: Chunk             |       |     4 |     7 ||    11
Armor: Leather armour    |     5 |     5 |     3 ||    13
       Ring mail         |       |     1 |       ||     1
Dodge: Dodged            |    21 |    18 |    95 ||   134
Block: Other             |     1 |     2 |     6 ||     9
       Reflection        |       |     1 |       ||     1

Table legend:
 A = Non-vault XP
 B = Vault XP
 C = Vault XP percentage of total XP
 D = Non-vault monster count
 E = Vault monster count
 F = Vault count percentage of total count
                 A         B        C        D         E       F
            +---------+---------+-------+---------+---------+-------
      Total |    1898 |     222 |  10.5 |      85 |       2 |   2.3
            +---------+---------+-------+---------+---------+-------
        D:1 |      25 |       0 |   0.0 |      17 |       0 |   0.0
        D:2 |      51 |     222 |  81.3 |      20 |       2 |   9.1
        D:4 |     180 |       0 |   0.0 |      10 |       0 |   0.0
        D:5 |     864 |       0 |   0.0 |      19 |       0 |   0.0
        D:6 |     719 |       0 |   0.0 |      18 |       0 |   0.0
        D:7 |      59 |       0 |   0.0 |       1 |       0 |   0.0
            +---------+---------+-------+---------+---------+-------
